 Dungeon Crawl Stone Soup version 0.28-a0-1159-g27aa881441 (webtiles) character file.

Game seed: 16624670437748075299

57 SensoryNuts the Skirmisher (level 3, 0/29 HPs)
             Began as a Demonspawn Fighter on Dec 15, 2021.
             Slain by an ogre (14 damage)
             ... on level 2 of the Dungeon.
             The game lasted 00:01:23 (1396 turns).

SensoryNuts the Skirmisher (Demonspawn Fighter)     Turns: 1396, Time: 00:01:23

Health: 0/29       AC:  6    Str: 18    XL:     3   Next: 73%
Magic:  3/3        EV:  9    Int:  9    God:
Gold:   29         SH:  4    Dex: 12    Spells: 2/2 levels left

rFire   + . .      SeeInvis .   a - +0 trident
rCold   + . .      Faith    .   c - +0 buckler
rNeg    . . .      Spirit   .   b - +0 scale mail
rPois   +          Reflect  .   (no helmet)
rElec   +          Harm     .   (no cloak)
rCorr   +          Rampage  .   (no gloves)
Will    .....                   (no boots)
Stlth   ..........              (no amulet)
HPRegen 0.09/turn               (no ring)
MPRegen 0.08/turn               (no ring)

@: resistant, hasted, very quick
A: powered by death 1
a: no special abilities


You were on level 2 of the Dungeon.
You visited 1 branch of the dungeon, and saw 2 of its levels.

You collected 29 gold pieces.

Inventory:

Hand Weapons
 a - a +0 trident (weapon)
Missiles
 f - a throwing net (quivered)
Armour
 b - a +0 scale mail (worn)
 c - a +0 buckler (worn)
Scrolls
 g - a scroll of identify {unknown}
 j - 2 scrolls of blinking {unknown}
 k - a scroll of teleportation {unknown}


   Skills:
 + Level 3.4 Fighting
 + Level 2.4 Polearms
 + Level 3.3 Armour
 + Level 3.0 Shields


You had 2 spell levels left.
You didn't know any spells.
Your spell library was empty.

Dungeon Overview and Level Annotations

Branches:
Dungeon (2/15)

Altars:


Innate Abilities, Weirdness & Mutations

You regenerate a little health from kills.


Message History

Robin is almost dead.
Robin barely misses you. Robin hits you with a +0 spear.
* * * LOW HITPOINT WARNING * * *
You hit Robin.
You kill Robin!
A worm comes into view.
Items here: ) [[ †.
You feel very mighty all of a sudden.
You barely miss the worm. The worm closely misses you.
You puncture the worm!
The worm is almost dead.
You puncture the worm!
You kill the worm!
You feel a little less mighty now.
Key pressed, stopping explore.
Key pressed, stopping explore.
An ogre comes into view. It is wielding a +0 giant club.
An ogre is nearby!
An ogre is nearby!
An ogre is nearby!
The ogre shouts!
It was a potion of resistance.
You feel protected.
It was a potion of haste.
You feel yourself speed up.
It was a potion of curing.
You feel better. The ogre barely misses you.
You puncture the ogre!
The ogre is heavily wounded.
You hit the ogre but do no damage.
The ogre is heavily wounded.
The ogre hits you with a +0 giant club!
Ouch! That really hurt!
You barely miss the ogre.
The ogre is heavily wounded.
The ogre closely misses you.
You hit the ogre.
The ogre is severely wounded.
You hit the ogre.
The ogre is severely wounded.
The ogre hits you with a +0 giant club!
You die...

##.#########
#..........#
#..........#
#..........#
#..........#
#..........#
#....O.....#
#....@<....#
#......>...#
#<..)......#
######...###
#.#.# #....#
#..#.#
#..#.# #...
#


You could see an ogre.

Vanquished Creatures
  Robin (D:2)
  A worm (D:2)
  A dart slug (D:1)
  2 ball pythons (D:1)
  4 endoplasms
  14 goblins (D:1)
  7 hobgoblins
  2 kobolds (D:1)
  A bat (D:2)
  2 rats (D:1)
35 creatures vanquished.

Notes
Turn   | Place    | Note
-------+----------+-------------------------------------------
     0 | D:1      | SensoryNuts the Demonspawn Fighter began the quest for the
                  | Orb.
     0 | D:1      | Reached XP level 1. HP: 18/18 MP: 1/1
    93 | D:1      | Found Cemip's One-of-a-Kind Rings.
   256 | D:1      | Gained mutation: You regenerate a little health from kills.
                  | [demonic ancestry]
   256 | D:1      | Reached XP level 2. HP: 24/24 MP: 2/2
   759 | D:2      | Noticed Robin
   774 | D:1      | Reached XP level 3. HP: 29/29 MP: 3/3
  1108 | D:2      | Killed Robin
  1386 | D:2      | Noticed an ogre
  1396 | D:2      | Slain by an ogre

Illustrated notes

Levels and vault maps discovered:
D:1:      elethiomel_arrival_maze, layout_basic, nicolae_shop_unique_rings
D:2:      layout_rooms, basic_ecumenical_altar, chequers_serial_rivers_marsh,
          supply_closet_lemuel, uniq_robin

Skill      XL: |  1  2  3 |
---------------+----------+-----
Armour         | 3 |  3.3
Polearms       | 2 |  2.4
Shields        | 3 |  3.0
Fighting       | |  3.4

Action                   || total
-------------------------++-------
Melee: Trident           ||   103
  Use: Potion            ||     4
Armor: Scale mail        ||    46
Dodge: Dodged            ||    54
Block: Buckler           ||    23

Table legend: (Time is in decaauts)
 A = Elapsed time spent in this place.
 B = Non-inter-level travel time spent in this place.
 C = Inter-level travel time spent in this place.
 D = Time resting spent in this place.
 E = Time spent auto-exploring this place.
 F = Levels seen in this place.
 G = Mean time per level.
                   A        B        C        D        E       F      G
               +--------+--------+--------+--------+--------+-----+--------+
         Total |   1423 |   1336 |     87 |      0 |   1082 |   2 |  711.5 |
       Dungeon |   1423 |   1336 |     87 |      0 |   1082 |   2 |  711.5 |
               +--------+--------+--------+--------+--------+-----+--------+

Top non-repeatable levels by time:
     D:1: 1081 daAuts
     D:2: 342 daAuts
